Raisse, chaotic female orcish Priestess ----.-- .ho)... .G--(.. GG .<. ... ^ Raisse the Adept Experience level: 6 Strength: 12 Dexterity: 16 Constitution: 16 Intelligence: 9 Wisdom: 16 Charisma: 10 Health: 0(75) Energy: 57(57) Def: 7 Gold: 0 Moves: 2348 Dungeon seed: gpfzbGHCiXq2Ccf- Game ID: Raisse_1685692603 Your Inventory: Weapons a - a blessed +1 mace (weapon in hand) k - 22 uncursed +0 darts v - 5 uncursed +0 shuriken (in quiver) B - 4 uncursed +0 daggers I - a blessed +1 dagger K - a blessed +2 dagger R - an uncursed +0 aklys Armor C - an uncursed +0 robe (being worn) G - a blessed +0 pair of leather gloves (being worn) H - a blessed +1 dwarvish iron helm (being worn) S - an uncursed +0 orcish shield (being worn) Y - an uncursed +0 pair of iron shoes Comestibles c - an uncursed clove of garlic i - 2 uncursed tins of lichen j - an uncursed candy bar o - an uncursed fortune cookie z - an uncursed lichen corpse W - an uncursed sprig of wolfsbane Scrolls m - a blessed scroll of confuse monster Potions b - 4 potions of holy water l - an uncursed potion of monster detection p - an uncursed potion of restore ability F - an uncursed potion of healing Rings q - an uncursed ring of see invisible Wands s - an uncursed wand of slow monster (0:3) Tools h - an uncursed towel x - an uncursed sack A - an uncursed magic marker (0:99) J - an uncursed oil lamp (0:1450) M - an uncursed tinning kit (0:48) P - an uncursed magic whistle Contents of the sack: 649 gold pieces an uncursed +0 pick-axe Spells and supernatural/magical abilities: Name Level Category Cost Memory B - cure blindness 2 healing 25pw 97% O - summoning 2 clerical 25pw 97% W - pray for help -- divine ? -- X - turn undead -- divine ? -- Your skills at the end: Fighting Skills wands [Basic] Weapon Skills mace [Basic] Spellcasting Skills clerical spells [Basic] Final Attributes: You were piously aligned. You were immune to poison. You had infravision. Anhur was noncommittal. You are dead. Vanquished creatures: 2 large mimics a leprechaun 2 giant spiders a dog 5 gnome lords 4 gnomish wizards a kitten 5 dwarves a rabid rat 5 dwarf zombies an iguana an acid blob 3 coyotes 3 hobbits a yellow mold 2 red molds 21 gnomes a gecko 2 jackals 2 kobolds 4 grid bugs a bat 5 lichens a kobold zombie 75 creatures vanquished. Voluntary challenges: You were an atheist. You used a wielded weapon 94 times, starting on turn 138. You read items or engraved 1 time, starting on turn 593. You never genocided any monsters. You never polymorphed an object. You never changed form. You used no wishes. You never split a pudding. You never wrote Elbereth's name. You never violated your personal moral code. Dungeon overview: The Dungeons of Doom: levels 1 to 4 Level 1 a fountain a long staircase Level 2 a general store, a vault Level 3 stairs to The Gnomish Mines Level 4 The Gnomish Mines: levels 4 to 7 Level 4 stairs to The Dungeons of Doom Level 5 Level 6 many shops, a temple to Anhur, some fountains Level 7 <- You were here History has recorded: On T:1 you entered the Dungeons of Doom to retrieve the Amulet of Yendor! On T:44 you reached level 2 of The Dungeons of Doom. On T:333 you reached level 3 of The Dungeons of Doom. On T:402 you reached level 4 of The Dungeons of Doom. On T:413 you advanced to experience level 2. On T:605 you reached level 1 of The Gnomish Mines. On T:611 you advanced to experience level 3. On T:691 you advanced to experience level 4. On T:917 you reached level 2 of The Gnomish Mines. On T:1077 you advanced to experience level 5. On T:1273 you reached level 3 of The Gnomish Mines. On T:1766 you advanced to experience level 6. On T:2323 you reached level 4 of The Gnomish Mines. Score breakdown: Gold: 649 ( 9568 points) Experience: 6 levels (12456 points) Exploration: 7 levels ( 14.58%) (10718 points) Discoveries: 12 items ( 4.14%) ( 6102 points) Valuables value: (no points given unless you survive) Artifact value: 0 ( 0 points) Variety of kills: 24 monsters ( 6.32%) ( 7539 points) Turncount: 2348 turns ( -237 points) Survival: died (score multiplied by 80%) Total score: 36916 Latest messages: The dagger hits the gnome lord! The giant spider bites! (2x) [2 turns] You kill the giant spider! The gnome lord swings his thonged club at you. The gnome lord hits! You kill the gnome! The gnome lord swings his thonged club at you. The gnome lord hits! You hit the gnome lord. Fikkie eats a hobbit corpse. The gnome lord swings his thonged club at you. The gnome lord hits! [2 turns] You hit the gnome lord. The gnome lord swings his thonged club at you. The gnome lord hits! You kill the gnome lord! The dwarf throws a dagger! You are almost hit by a dagger. There are a few objects here. The gnome hits! The gnome wields a crossbow! The dwarf hits! You die... For some reason, you think that you can almost hear the Wizard laugh manically... Final status: Goodbye Raisse the Priestess, killed by a dwarf... You died in The Gnomish Mines on dungeon level 7 with 36916 points, and 649 pieces of gold, after 2348 moves. You were level 6 with a maximum of 75 hit points when you died.